 Dungeon Crawl Stone Soup version 0.23.2-33-g5129a83 (webtiles) character file.

Game seed: 14194472231213180418

60 Fortress the Sneak (level 3, 0/25 HPs)
             Began as a Vampire Enchanter on July 3, 2019.
             Succumbed to a worker ant's poison
             ... on level 2 of the Dungeon.
             The game lasted 00:08:54 (1648 turns).

Fortress the Sneak (Vampire Enchanter)              Turns: 1648, Time: 00:08:54

Health: 0/25       AC:  0    Str:  7    XL:     3   Next: 80%
Magic:  3/6        EV: 20    Int: 18    God:
Gold:   76         SH:  0    Dex: 19    Spells: 5/6 levels left

rFire    . . .     SeeInvis +   (weapon currently unavailable)
rCold    . . .     Gourm    .   (shield currently unavailable)
rNeg     + . .     Faith    .   (armour currently unavailable)
rPois    .         Spirit   .   (helmet currently unavailable)
rElec    .         Reflect  .   (cloak currently unavailable)
rCorr    .         Harm     .   (gloves currently unavailable)
MR       .....                  (boots currently unavailable)
Stlth    +++++.....             (no amulet)
HPRegen  0.08/turn              (ring currently unavailable)
MPRegen  0.10/turn              (ring currently unavailable)

@: lethally poisoned (0 -> -8), bat-form, flying, very quick
A: tiny, fangs 3, see invisible
a: End Transformation


You were on level 2 of the Dungeon.
You were not thirsty.
You were in vampire-bat-form.
You visited 1 branch of the dungeon, and saw 2 of its levels.

You collected 76 gold pieces.

Inventory:

Hand Weapons
 a - a +1 dagger
 c - a +1 vampiric dagger (melded)
 f - a +2 short sword of speed
Armour
 b - a +0 robe (melded)
Jewellery
 j - a ring of poison resistance (melded)
 m - a +2 ring of protection
Scrolls
 e - 2 scrolls of identify {unknown}
 g - 2 scrolls of fog {unknown}
 h - a scroll of teleportation {unknown}
 k - a scroll of fear {unknown}
 p - a scroll of amnesia {unknown}
Potions
 d - 7 potions of blood
 i - a potion of lignification {unknown}
 l - a potion of mutation {unknown}
 n - a potion of ambrosia {unknown}
 o - 2 potions of curing {unknown}


   Skills:
 + Level 0.6 Fighting
 + Level 1.8 Short Blades
 + Level 2.5 Dodging
 + Level 5.5 Stealth
 + Level 2.3 Spellcasting
 + Level 4.8 Hexes


You had 5 spell levels left.
You knew the following spells:

 Your Spells              Type           Power        Failure   Level  Hunger
a - Corona                Hex            ###....      2%          1    #......

Your spell library contained the following spells:

 Spells                   Type           Power        Failure   Level  Hunger
 Confuse                  Hex            ###.....     7%          3    ###....
 Tukima's Dance           Hex            ###.....     7%          3    ###....
 Ensorcelled Hibernation  Hex/Ice        ##....       10%         2    ##.....
 Dazzling Spray           Conj/Hex       ##....       19%         3    ###....


Dungeon Overview and Level Annotations

Branches:
Dungeon (2/15)

Altars:


Innate Abilities, Weirdness & Mutations

You have razor-sharp teeth.
You have supernaturally acute eyesight. (SInv)
((You can survive without breathing.))


Message History

The worker ant bites you. The worker ant bites you!
* * * LOW HITPOINT WARNING * * *
You hit the worker ant but do no damage.
The worker ant is lightly wounded.
The worker ant misses you.
You hit the worker ant.
You feel better.
Your bite misses the worker ant.
The worker ant is moderately wounded.
The gnoll completely misses you. The worker ant bites you.
* * * LOW HITPOINT WARNING * * *
You are lethally poisoned!
The worker ant poisons you!
You turn into a vampire bat.
Your +1 vampiric dagger melds into your body.
Your +0 robe melds into your body.
Your ring of poison resistance melds into your body.
You feel your glee subside.
* * * LOW HITPOINT WARNING * * *
You feel sick.
The worker ant stops glowing.
The gnoll closely misses you. The worker ant closely misses you.
You die...

#.# #######. #
#.##### #.
###.#.....## #.
............#
#.
######.......#
##+
#...##.......#
#..
#............#
#.%
#...#.#####'##
#..
..#.#..b......#
#..
#....g..#######
#..
..#.#.##a...#
#.. .. #. ....#
#.. . . .####
#.. .. .# ###
.. .# .#. .# ..


You could see a worker ant and a gnoll.

Vanquished Creatures
  2 adders (D:2)
  An adder zombie (D:2)
  A dart slug (D:2)
  A leopard gecko (D:1)
  6 bats (D:1)
  A giant cockroach (D:1)
  4 hobgoblins
  2 jackals (D:1)
  A ball python (D:1)
  6 frilled lizards
  4 goblins
  4 kobolds
  3 rats (D:1)
36 creatures vanquished.

Notes
Turn   | Place    | Note
-------+----------+-------------------------------------------
     0 | D:1      | Fortress the Vampire Enchanter began the quest for the Orb.
     0 | D:1      | Reached XP level 1. HP: 13/13 MP: 3/3
   607 | D:1      | Reached skill level 5 in Stealth
   607 | D:1      | Reached XP level 2. HP: 16/19 MP: 1/5
  1088 | D:1      | Reached XP level 3. HP: 24/24 MP: 4/6
  1647 | D:2      | HP: 1/25 [poisoned by a worker ant]
  1648 | D:2      | Succumbed to a worker ant's poison

Skill      XL: |  1 |
---------------+----+-----
Stealth        | 5 |  5.5
Fighting       | |  0.6
Short Blades   | |  1.8
Dodging        | |  2.5
Spellcasting   | |  2.3
Hexes          | |  4.8

Action                   || total
-------------------------++-------
Melee: Dagger            ||   135
       Bite              ||     8
 Cast: Corona            ||    27
 Abil: Bat Form          ||     1
 Stab: Sleeping          ||     9
  Eat: Corpse            ||     2
Armor: Robe              ||    23
Dodge: Dodged            ||   100
